 Dungeon Crawl Stone Soup version 0.26.1-11-gd32895ea62 (webtiles) character file.

Game seed: 2046913538197232653

2868 Zeld the Magician (level 9, -11/63 HPs)
             Began as an Octopode Monk on May 17, 2021.
             Was a Follower of Wu Jian.
             Mangled by an ice beast (19 damage)
             ... on level 5 of the Dungeon.
             The game lasted 00:25:22 (18526 turns).

Zeld the Magician (Octopode Monk)                  Turns: 18526, Time: 00:25:23

Health: -11/63     AC:  1    Str: 10    XL:     9   Next: 76%
Magic:  20/20      EV: 19    Int: 13    God:    Wu Jian [*.....]
Gold:   544        SH:  0    Dex: 23    Spells: 22/22 levels left

rFire    + . .     SeeInvis +   k - +0 quarterstaff
rCold    x . .     Faith    .   (shield currently unavailable)
rNeg     . . .     Spirit   .   (helmet restricted)
rPois    +         Reflect  .   (no amulet)
rElec    .         Harm     .   n - ring of poison resistance
rCorr    .         Rampage  .   e - ring of see invisible
Will     .....                  c - +6 ring of dexterity
Stlth    ++++......             s - ring of fire
HPRegen  0.20/turn              (no ring)
MPRegen  0.17/turn              (no ring)
                                (no ring)
                                (no ring)

@: no status effects
A: almost no armour, stealthy swim, amphibious, 8 rings, constrict 8, camouflage
1, gelatinous body 1
a: Renounce Religion


You were on level 5 of the Dungeon.
You worshipped Wu Jian.
Wu Jian was aware of your devotion.
You visited 2 branches of the dungeon, and saw 10 of its levels.

You collected 544 gold pieces.

Inventory:

Hand Weapons
 k - a +0 quarterstaff (weapon)
Missiles
 q - 18 poisoned darts (quivered)
Jewellery
 c - a +6 ring of dexterity (on tentacle)
 e - a ring of see invisible (right tentacle)
 n - a ring of poison resistance (left tentacle)
 s - a ring of fire (on tentacle)
Wands
 i - a wand of flame (3)
Scrolls
 d - a scroll of magic mapping
 f - 3 scrolls of enchant armour
 j - 3 scrolls of teleportation
 l - a scroll of remove curse
 m - a scroll of amnesia
 o - a scroll of summoning {unknown}
 p - a scroll of blinking {unknown}
Potions
 a - a potion of lignification {unknown}
 b - 2 potions of heal wounds {unknown}
 g - a potion of flight
 t - 2 potions of invisibility {unknown}


   Skills:
 * Level 6.5 Fighting
 - Level 6.0 Throwing
 * Level 6.6 Dodging
 - Level 2.6 Stealth
 - Level 3.0 Unarmed Combat
 + Level 7.3 Spellcasting


You had 22 spell levels left.
You didn't know any spells.
Your spell library contained the following spells:

 Spells                   Type           Power        Failure   Level
 Corona                   Hex            4%           14%         1
 Foxfire                  Conj/Fire      28%          14%         1
 Magic Dart               Conj           16%          14%         1
 Summon Small Mammal      Summ           16%          14%         1
 Blink                    Tloc           N/A          22%         2
 Call Imp                 Summ           4%           22%         2
 Ensorcelled Hibernation  Hex/Ice        8%           22%         2
 Slow                     Hex            4%           22%         2
 Call Canine Familiar     Summ           4%           41%         3
 Confusing Touch          Hex            4%           41%         3
 Conjure Flame            Conj/Fire      7%           41%         3
 Dazzling Flash           Conj/Hex       8%           41%         3
 Inner Flame              Hex/Fire       7%           41%         3
 Mephitic Cloud           Conj/Pois/Air  4%           41%         3
 Summon Guardian Golem    Hex/Summ       4%           41%         3
 Tukima's Dance           Hex            4%           41%         3
 Sticky Flame             Conj/Fire      7%           82%         4
 Summon Ice Beast         Ice/Summ       4%           82%         4
 Summon Lightning Spire   Summ/Air       4%           82%         4
 Fireball                 Conj/Fire      3%           99%         5


Dungeon Overview and Level Annotations

Branches:
Dungeon (9/15)             Temple (1/1) D:7
   Lair: D:8-11         Orc: D:9-12

Altars:
Cheibriados
Dithmenos
Elyvilon
Fedhas
Gozag
Hepliaklqana
Kikubaaqudgha
Makhleb
Nemelex Xobeh
Okawaru
Qazlal
Ru
Sif Muna
Trog
Uskayaw
Vehumet
Wu Jian
Xom
Yredelemnul
Zin
The Shining One

Annotations:
D:4 1 runed translucent door, Diggabert's ghost, amateur FoAK
D:8 Harold


Innate Abilities, Weirdness & Mutations

You cannot wear most types of armour.
You are very stealthy in the water. (Stealth+)
You are amphibious.
You can wear up to eight rings at the same time.
You can use your tentacles to constrict eight enemies at once.
Your skin changes colour to match your surroundings (Stealth+).
Your rubbery body absorbs attacks. (AC +1, EV +1)


Message History

The ice beast is almost dead.
The ice beast hits you. The ice beast freezes you!
You feel a terrible chill! The ice beast hits you. The ice beast freezes you!
You feel a terrible chill!
* * * LOW HITPOINT WARNING * * *
An ice beast is nearby!
You are too injured to fight recklessly!
You are too injured to fight recklessly!
You are too injured to fight recklessly!
Press: ? - help, v - describe, . - travel
Here: an ice beast (almost dead)
The floor.
You hit the ice beast.
The ice beast is almost dead.
The ice beast closely misses you.
You completely miss the ice beast. Your squeeze misses the ice beast.
The ice beast is almost dead.
The ice beast hits you.
* * * LOW HITPOINT WARNING * * *
The ice beast freezes you!!
You feel a terrible chill!
You die...

###.#****)###....#...##.# **,,,,
#.#,,,[............##.# *,,,,
###.#,***#...#.....:###.## *,,,,
....#,,,,.....##...####..# *,,,,
#######,*#.#...#######.(.# *,,,,
<.....#,,,.......####..#.# *,,,,
#####.#*****,#...........# *,,,.
### #.# *,#.........### *,,,. ..#
#.# #.#.#@#.....# *,,,. #.#
#.######<...Y####'## **##'
#.###..[...+.....# #.#########..
.......#####....## #.........#..
#.####.#.......#****#.........#[.
#.##.....###...,,,,,..........#..
#.##.#.### #.#########........'..
#....#.# #.*#.....##........#..
'......# #.##.....##........#..


You could see an ice beast.

Vanquished Creatures
  Edmund (D:5)
  A water moccasin (D:8)
  2 ice beasts
  A sky beast (D:5)
  A phantom (D:6)
  An ogre (D:5)
  A centaur (D:5)
  6 bullfrogs
  2 scorpions
  4 wights (D:8)
  5 howler monkeys
  2 bullfrog zombies (D:5)
  3 orc priests
  4 hounds
  4 jellies
  2 bullfrog skeletons
  Terence (D:2)
  6 orc wizards
  11 worker ants
  A hound skeleton (D:5)
  7 gnolls
  11 adders
  2 white imps
  An ufetubus (D:9)
  An ooze (D:4)
  2 adder skeletons
  A worm (D:3)
  2 dart slugs
  9 leopard geckos
  20 orcs
  6 giant cockroaches
  8 hobgoblins
  11 jackals
  10 kobolds
  3 quokkas
  10 bats
  8 frilled lizards
  7 goblins
  A quokka skeleton (D:5)
  A quokka zombie (D:6)
  6 rats
186 creatures vanquished.

Vanquished Creatures (others)
  A sky beast (D:6)
1 creature vanquished.

Grand Total: 187 creatures vanquished

Notes
Turn   | Place    | Note
-------+----------+-------------------------------------------
     0 | D:1      | Zeld the Octopode Monk began the quest for the Orb.
     0 | D:1      | Reached XP level 1. HP: 16/16 MP: 1/1
   113 | D:1      | Reached XP level 2. HP: 20/21 MP: 2/2
   287 | D:1      | Reached skill level 1 in Spellcasting
   419 | D:1      | Reached XP level 3. HP: 26/26 MP: 4/4
  1523 | D:2      | Reached XP level 4. HP: 23/33 MP: 4/6
  1752 | D:2      | Found a radiant altar of Vehumet.
  1791 | D:2      | Noticed Terence
  1812 | D:2      | Killed Terence
  2085 | D:2      | Reached skill level 2 in Spellcasting
  2236 | D:2      | Reached XP level 5. HP: 37/37 MP: 8/8
  2251 | D:2      | Noticed an ogre
  2628 | D:2      | Found a glowing silver altar of Zin.
  3390 | D:3      | Found an ancient bone altar of Kikubaaqudgha.
  3639 | D:3      | Reached skill level 1 in Throwing
  4064 | D:3      | Found a shimmering blue altar of Sif Muna.
  4367 | D:4      | Reached XP level 6. HP: 27/43 MP: 8/10
  5052 | D:4      | HP: 2/43 [poisoned by a worker ant]
  5377 | D:4      | Reached skill level 3 in Spellcasting
  5934 | D:4      | Found a runed translucent door.
  6278 | D:4      | Noticed Diggabert's ghost (amateur FoAK)
  6300 | D:5      | Entered Level 5 of the Dungeon
  6313 | D:5      | Reached XP level 7. HP: 38/48 MP: 10/12
  6409 | D:5      | Noticed Edmund
  6425 | D:5      | Killed Edmund
  6722 | D:5      | Reached skill level 4 in Spellcasting
  6725 | D:5      | Reached skill level 5 in Throwing
  7041 | D:5      | Found a shadowy altar of Dithmenos.
  7135 | D:5      | Reached XP level 8. HP: 54/54 MP: 14/14
  7228 | D:5      | Found a blossoming altar of Fedhas.
  7595 | D:5      | Found a sacrificial altar of Ru.
  8761 | D:6      | Reached skill level 5 in Spellcasting
  9390 | D:6      | Reached skill level 6 in Spellcasting
 11069 | D:7      | Found a shimmering altar of Xom.
 11620 | D:7      | Reached XP level 9. HP: 27/59 MP: 19/19
 11659 | D:7      | Found a staircase to the Ecumenical Temple.
 11674 | Temple   | Entered the Ecumenical Temple
 11844 | Temple   | Became a worshipper of the Wu Jian Council
 11844 | Temple   | Reached * piety under Wu Jian
 11844 | Temple   | Reached ** piety under Wu Jian
 12855 | D:7      | Reached skill level 5 in Fighting
 12855 | D:7      | Reached skill level 5 in Dodging
 14110 | D:8      | Found a hazy altar of Hepliaklqana.
 14182 | D:8      | Reached skill level 7 in Spellcasting
 14632 | D:8      | Noticed Harold
 17839 | D:8      | Learned a level 1 spell: Summon Small Mammal
 18027 | D:5      | Found a blossoming altar of Fedhas.
 18210 | D:5      | Found a shadowy altar of Dithmenos.
 18352 | D:5      | Found a sacrificial altar of Ru.
 18526 | D:5      | Mangled by an ice beast

Illustrated notes

Levels and vault maps discovered:
D:1:      scummos_arrival_gate, layout_basic
D:2:      layout_loops_ring, zin_treasury, vehumet_crystals,
          amcnicky_mini_pool_small, uniq_terence
D:3:      layout_loops_ring, general_overflow_altar, lemuel_crystal_altar
D:4:      layout_loops_corners, ebering_ghost_reflecting_pool
D:5:      layout_basic, fedhas_altar_4, kennysheep_little_box,
          grunt_dithmenos_smoke, minmay_manual_moon, uniq_edmund
D:6:      layout_basic
D:7:      layout_rooms, minmay_temple_entry_proselytizer, basic_altar
D:8:      layout_loops_ring, overflow_temple_1_default,
          kennysheep_generic_room_4, uniq_harold
D:9:      layout_basic, lemuel_coloured_pillars_altar, uniq_joseph
Temple:   nicolae_temple_figure_eight

Skill      XL: |  1  2  3  4  5  6  7  8  9 |
---------------+----------------------------+-----
Spellcasting   | 1 2 3 4 6 7 |  7.3
Dodging        | 4 6 |  6.6
Fighting       | 4 6 |  6.5
Throwing       | 1 3 5 6 |  6.0
Stealth        | |  2.6
Unarmed Combat | |  3.0

Action                   |  1- 3 |  4- 6 |  7- 9 || total
-------------------------+-------+-------+-------++-------
Melee: Unarmed           |    69 |   186 |   420 ||   675
       Constrict         |    21 |    52 |    76 ||   149
       Tentacles         |    16 |    42 |   108 ||   166
       Punch             |     1 |     5 |     8 ||    14
       Quarterstaff      |       |       |    17 ||    17
Invok: Whirlwind         |       |       |    14 ||    14
       Lunge             |       |       |    10 ||    10
 Abil: Wall Jump         |       |       |    10 ||    10
Evoke: Wand              |       |       |    13 ||    13
  Use: Scroll            |       |     5 |    10 ||    15
       Potion            |       |       |    11 ||    11
 Stab: Sleeping          |    11 |    12 |    16 ||    39
       Distracted        |       |     1 |     2 ||     3
Armor: Skin              |       |     9 |    11 ||    20
Dodge: Dodged            |    46 |   124 |   285 ||   455
